 Dungeon Crawl Stone Soup version 0.29-a0-700-g2f1814c7b2 (webtiles) character file.

Game seed: 5485806832756932450

192 Armakuni the Conjurer (level 6, -1/41 HPs)
             Began as a Human Conjurer on June 25, 2022.
             Slain by Ijyb
             ... wielding a +3 dagger of speed
              (4 damage)
             ... on level 3 of the Dungeon.
             The game lasted 00:09:57 (2919 turns).

Armakuni the Conjurer (Human Conjurer)              Turns: 2919, Time: 00:09:58

Health: -1/41      AC:  2    Str:  9    XL:     6   Next: 2%
Magic:  0/9        EV: 12    Int: 18    God:
Gold:   105        SH:  0    Dex: 12    Spells: 7/9 levels left

rFire   . . .      SeeInvis .   a - +1 quarterstaff
rCold   . . .      Faith    .   (shield currently unavailable)
rNeg    . . .      Spirit   .   f - +0 robe
rPois   .          Reflect  .   (no helmet)
rElec   .          Harm     .   (no cloak)
rCorr   .          Rampage  .   (no gloves)
Will    .....                   (no boots)
Stlth   ++........              (no amulet)
HPRegen 0.13/turn               (no ring)
MPRegen 0.11/turn               (no ring)

@: no status effects
A: no striking features
a: no special abilities


You were on level 3 of the Dungeon.
You visited 1 branch of the dungeon, and saw 3 of its levels.

You collected 105 gold pieces.

Inventory:

Hand Weapons
 a - a +1 quarterstaff (weapon)
Missiles
 c - 6 poisoned darts
Armour
 d - a +0 buckler
 e - a +0 scale mail
 f - a +0 robe (worn)
 g - a +0 scale mail
Jewellery
 i - a +6 ring of dexterity
 m - a ring of wizardry
Scrolls
 k - a scroll of vulnerability
Potions
 j - 2 potions of flight
 l - a potion of mutation
 n - a potion of cancellation


   Skills:
 - Level 2.0 Dodging
 - Level 2.0 Stealth
 - Level 2.0 Spellcasting
 + Level 6.8 Conjurations


You had 7 spell levels left.
You knew the following spells:

 Your Spells              Type           Power      Damage    Failure   Level
z - Searing Ray           Conj           52%        2d6       1%          2

Your spell library contained the following spells:

 Spells                   Type           Power      Damage    Failure   Level
 Magic Dart               Conj           100%       1d8       1%          1
 Dazzling Flash           Conj/Hex       28%        N/A       14%         3
 Fulminant Prism          Conj/Hex       7%         3d7       41%         4
 Iskenderun's Mystic Bla  Conj/Tloc      14%        2d5       41%         4
 Call Canine Familiar     Summ           1%         N/A       47%         3
 Portal Projectile        Hex/Tloc       2%         N/A       47%         3
 Leda's Liquefaction      Hex/Erth       0%         N/A       87%         4


Dungeon Overview and Level Annotations

Branches:
Dungeon (3/15)

Altars:

Shops:
D:1 *

Annotations:
D:2 Sigmund
D:3 2 transporters, Ijyb; initializr's ghost, weakling GrEE


Message History

Ijyb hits you with a +3 dagger of speed!
You aren't carrying any items that you can evoke.
Okay, then.
It was a potion of heal wounds.
You feel much better.
Ijyb hits you with a +3 dagger of speed!
Okay, then.
Unknown command.
You aren't carrying any items that you can evoke.
Okay, then.
Aiming: Searing Ray (safe; 1% risk of failure)
Press: ? - help, Q - select action, (/) - cycle Shift-Dir - straight line, f - Ijyb
Aim: Ijyb, wielding a +3 dagger of speed, wearing a +0 scale mail and carrying a wand of iceblast (7) (lightly wounded, 77% to hit)
The searing ray hits Ijyb.
Ijyb is lightly wounded. (Press . to maintain the ray.) Ijyb screams, "I dance on your bones!"
Ijyb hits you with a +3 dagger of speed.
Ijyb misses you.
The searing ray misses Ijyb.
Ijyb hits you with a +3 dagger of speed!
Okay, then.
Okay, then.
Unknown command.
You hit Ijyb but do no damage.
Ijyb is lightly wounded.
Ijyb hits you with a +3 dagger of speed!
* * * LOW HITPOINT WARNING * * *
Ijyb hits you with a +3 dagger of speed.
* * * LOW HITPOINT WARNING * * *
Okay, then.
Unknown command.
Okay, then.
Unknown command.
You barely miss Ijyb.
Ijyb is lightly wounded.
Ijyb hits you with a +3 dagger of speed.
* * * LOW HITPOINT WARNING * * *
Ijyb screams, "You nasty!
Big nasty!"
Ijyb hits you with a +3 dagger of speed.
You die...

. .. . #? . #.#. ..#.#.#
....... .##....
.......############
#...†g@.........#
.....############.# # ###
#.# . #.# . ##+## #.# #
##...## ########.# ######
##.....###......#.# ##...#
##.......##.###..#.#
.....###>........#.##...#.#


You could see Ijyb.

Vanquished Creatures
  A phantom (D:3)
  A howler monkey (D:3)
  An adder (D:2)
  3 gnolls (D:2)
  An ufetubus (D:3)
  A worm (D:2)
  2 dart slugs
  3 endoplasms
  A giant cockroach (D:1)
  4 hobgoblins
  2 jackals (D:2)
  3 quokkas
  3 ball pythons
  4 bats
  A frilled lizard (D:3)
  2 kobolds
  6 rats
39 creatures vanquished.

Notes
Turn   | Place    | Note
-------+----------+-------------------------------------------
     0 | D:1      | Armakuni the Human Conjurer began the quest for the Orb.
     0 | D:1      | Reached XP level 1. HP: 13/13 MP: 3/3
   340 | D:1      | Reached XP level 2. HP: 19/19 MP: 3/5
   764 | D:1      | Found Esuicew's Assorted Antiques.
   772 | D:1      | Learned a level 2 spell: Searing Ray
  1007 | D:2      | Reached XP level 3. HP: 24/24 MP: 3/6
  1151 | D:2      | Found a faded altar of an unknown god.
  1158 | D:2      | Reached skill level 5 in Conjurations
  1341 | D:2      | Reached XP level 4. HP: 27/30 MP: 2/7
  1852 | D:2      | Noticed Sigmund
  1949 | D:3      | Found a transporter.
  1950 | D:3      | Noticed initializr's ghost (weakling GrEE)
  1952 | D:3      | Noticed a water moccasin
  2265 | D:3      | Noticed a phantom
  2276 | D:3      | Killed a phantom
  2277 | D:3      | Reached skill level 6 in Conjurations
  2277 | D:3      | Reached XP level 5. HP: 16/35 MP: 4/8
  2804 | D:3      | Found a transporter.
  2847 | D:3      | Reached XP level 6. HP: 41/41 MP: 5/9
  2907 | D:3      | Noticed Ijyb
  2919 | D:3      | Slain by Ijyb

Illustrated notes

Levels and vault maps discovered:
D:1:      minmay_arrival_radiant_lines, layout_loops_ring, serial_shops, shop
D:2:      layout_rooms, ebering_ecumenical_altar_ruins, uniq_sigmund
D:3:      layout_loops_corners, gammafunk_ghost_arena, uniq_ijyb

Skill      XL: |  1  2  3  4 |
---------------+-------------+-----
Conjurations   | 5 6 |  6.8
Dodging        | |  2.0
Stealth        | |  2.0
Spellcasting   | |  2.0

Action                   |  1- 3 |  4- 6 || total
-------------------------+-------+-------++-------
Melee: Whip              |     1 |       ||     1
       Quarterstaff      |       |     2 ||     2
 Cast: Magic Dart        |    24 |       ||    24
       Searing Ray       |    11 |    18 ||    29
  Use: Scroll            |       |    12 ||    12
       Potion            |       |     3 ||     3
Armor: Robe              |     1 |     2 ||     3
Dodge: Dodged            |     5 |     7 ||    12

Table legend: (Time is in decaauts)
 A = Elapsed time spent in this place.
 B = Non-inter-level travel time spent in this place.
 C = Inter-level travel time spent in this place.
 D = Time resting spent in this place.
 E = Time spent auto-exploring this place.
 F = Levels seen in this place.
 G = Mean time per level.
                   A        B        C        D        E       F      G
               +--------+--------+--------+--------+--------+-----+--------+
         Total |   2920 |   2876 |     44 |    825 |   1531 |   3 |  973.3 |
       Dungeon |   2920 |   2876 |     44 |    825 |   1531 |   3 |  973.3 |
               +--------+--------+--------+--------+--------+-----+--------+

Top non-repeatable levels by time:
     D:1: 1127 daAuts
     D:3: 1000 daAuts
     D:2: 793 daAuts
